 Dungeon Crawl Stone Soup version 0.19-a0-1091-g463c9de (webtiles) character file.

20260 mistymad the Blocker (level 13, -13/106 HPs)
             Began as a Formicid Fighter on Aug 7, 2016.
             Was an Initiate of Ru.
             Mangled by a tentacled starspawn (19 damage)
             ... on level 2 of the Abyss.
             The game lasted 00:36:17 (11780 turns).

mistymad the Blocker (Formicid Fighter)            Turns: 11780, Time: 00:36:18

Health: -13/106    AC: 18    Str: 25    XL:     13   Next: 10%
Magic:  0/18       EV: 14    Int:  9    God:    Ru [......]
Gold:   725        SH: 13    Dex: 12    Spells: 0 memorised, 12 levels left

rFire  . . .     SeeInvis +     a - +1 quarterstaff
rCold  . . .     Gourm    .     u - +4 moon troll leather armour {Spirit, Regen++ MP+5}
rNeg   . . .     Faith    .     c - +0 shield
rPois  .         Spirit   +     (helmet unavailable)
rElec  .         Dismiss  .     D - +2 cloak
rCorr  .         Reflect  .     p - +1 pair of gloves
SustAt .         Harm     .     (no boots)
MR     +++..                    (no amulet)
Stlth  ..........               B - ring of protection from magic
                                H - ring of protection from magic

@:
A: permanent stasis, dig shafts and tunnels, four strong arms, antennae 3,
iridescent scales 1, thin skeletal structure 1, deterioration 1, regeneration 1,
no stealth
a: Dig, Shaft Self, Renounce Religion


You were on level 2 of the Abyss.
You worshipped Ru.
Ru was noncommittal.
You were not hungry.

You visited 3 branches of the dungeon, and saw 15 of its levels.
You visited the Abyss 1 time.

You collected 725 gold pieces.

Inventory:

Hand Weapons
 a - a +1 quarterstaff (weapon)
 j - a +2 dire flail of holy wrath
 I - a +0 antimagic dire flail
Missiles
 g - 2 throwing nets
 G - 14 javelins (quivered)
Armour
 c - a +0 shield (worn)
 k - a +0 chain mail
 p - a +1 pair of gloves (worn)
 u - the +4 moon troll leather armour (worn) {Spirit, Regen++ MP+5}
   (You found it on level 8 of the Dungeon)

   It affects your magic capacity (+5).
   It increases your rate of regeneration.
 D - a +2 cloak (worn)
Jewellery
 A - an uncursed ring of fire
 B - a ring of protection from magic (right hand)
 H - a ring of protection from magic (left hand)
 Y - a cursed -2 ring of evasion {unknown}
Wands
 q - a wand of digging (12/24)
 J - a wand of digging (17/24)
 K - a wand of flame (19/48)
 M - a wand of confusion (12/48)
 O - a wand of lightning (1/15)
 P - a wand of polymorph (17/24)
 R - a wand of lightning (8/15)
 S - a wand of iceblast (8/15)
 U - a wand of flame (12/48)
 Z - a wand of acid (8/15)
Scrolls
 b - a scroll of immolation
 e - a scroll of recharging
 l - 6 scrolls of magic mapping
 v - 5 scrolls of enchant weapon
 x - 2 scrolls of fog
 y - a scroll of remove curse
 L - 4 scrolls of identify
 Q - 2 scrolls of holy word
 X - a scroll of noise {unknown}
Potions
 d - 3 potions of might
 h - a potion of flight
 i - 2 potions of lignification
 o - 2 potions of heal wounds
 r - a potion of cancellation
 w - 5 potions of curing
 C - 2 potions of brilliance
 E - 3 potions of invisibility
 F - 2 potions of resistance
 N - a potion of magic {unknown}
 T - 2 potions of cure mutation
Books
 V - a book of Fire

   Spells                             Type                      Level
   a - Ignite Poison                  Fire/Transmutation/Poison    3
   b - Fireball                       Conjuration/Fire             5
   c - Bolt of Fire                   Conjuration/Fire             6
   d - Delayed Fireball               Conjuration/Fire             7
   e - Ring of Flames                 Charms/Fire                  7
Comestibles
 f - 5 bread rations
 m - 9 beef jerkies
 n - 7 meat rations
 s - 2 slices of pizza
 t - 2 fruits
 z - 15 royal jellies
 W - 3 chunks of flesh


   Skills:
 + Level 11.2 Fighting
 + Level 10.5 Staves
 + Level 11.2 Armour
 + Level 5.9 Dodging
 - Level 11.9 Shields


You had 12 spell levels left.
You didn't know any spells.

Dungeon Overview and Level Annotations

Branches:
Dungeon (11/15)            Temple (1/1) D:4            Lair (3/6) D:10
 Shoals (0/4) Lair:2
  Snake: Lair:2-4    Spider: Lair:2-4       Orc: D:9-12

Altars:
Ashenzari
Cheibriados
Dithmenos
Elyvilon
Fedhas
Gozag
Hepliaklqana
Kikubaaqudgha
Makhleb
Nemelex Xobeh
Okawaru
Pakellas
Qazlal
Ru
Sif Muna
Trog
Uskayaw
Vehumet
Xom
Yredelemnul
Zin
The Shining One

Shops:
D:6 *   D:7 [

Annotations:
D:8 exclusion: ice statue
Lair:3 Sonja


Innate Abilities, Weirdness & Mutations

You are under a permanent stasis effect.
You can dig through walls and to a lower floor.
Your four strong arms can wield two-handed weapons with a shield.
You have a pair of large antennae on your head. (SInv)
You cannot be stealthy.
You are partially covered in iridescent scales. (AC +2)
You have a somewhat thin skeletal structure. (Dex +2, Stealth)
Your body sometimes deteriorates upon taking damage.
Your natural rate of healing is unusually fast.


Message History

The tentacled starspawn engulfs you.
* * * LOW HITPOINT WARNING * * *
The starspawn tentacle grabs you. The starspawn tentacle constricts you.
You take 18 damage, and have 12/106 hp.
You now have 2/18 mp.
You sock the tentacled starspawn!
The starspawn tentacle loses its grip on you.
The tentacled starspawn is severely damaged.
The tentacled starspawn bites you.
* * * LOW HITPOINT WARNING * * *
The tentacled starspawn barely misses you.
You block the starspawn tentacle's attack.
The starspawn tentacle grabs you. The starspawn tentacle constricts you.
You take 4 damage, and have 8/106 hp.
You barely miss the tentacled starspawn.
The starspawn tentacle loses its grip on you.
The tentacled starspawn is severely damaged.
The tentacled starspawn bites you.
* * * LOW HITPOINT WARNING * * *
The tentacled starspawn engulfs you!!
You die...

#.# ## ... # . .
# ... .##. #
...x ## #
.#..#.. # ..
...# # ###.# .
######.. #...#.
... #...#.#.###
. #.. #.#X.## ##
.#### . #.#@w>##
## .# #
..#.w.......####
. #..#
##.#.##.##.# .
..## #..##. ## .
##.##.. . [##
#.. .# ##. #. .#
##.. # ## ..


You could see a tentacled starspawn and 2 starspawn tentacles.

Vanquished Creatures
  Harold (Lair:3)
  3 hydras
  Erica (Lair:2)
  Urug (Lair:2)
  An unseen horror (D:9)
  An ugly thing (D:9)
  Joseph (D:7)
  2 sirens (Lair:2)
  Psyche (D:9)
  2 gargoyles
  4 black mambas
  A spiny frog (Lair:3)
  2 komodo dragons
  2 merfolk (Lair:2)
  A troll (D:10)
  Prince Ribbit (D:8)
  A wyvern (D:8)
  13 yaks
  A hungry ghost (D:9)
  A basilisk (Lair:2)
  A small abomination (Abyss:2)
  4 hippogriffs
  Edmund (D:6)
  2 steam dragons
  A soldier ant (D:8)
  5 porcupines
  5 water moccasins
  3 orc warriors
  3 sky beasts
  A necrophage (D:5)
  An ice beast (D:10)
  4 ogres
  2 wasps (D:8)
  2 black bears
  4 phantoms
  3 centaurs
  6 wolves (Lair:3)
  7 crocodiles
  Blork the orc (D:6)
  A big kobold (D:9)
  8 giant frogs
  3 scorpions
  6 killer bees (D:7)
  4 howler monkeys
  5 wights (D:6)
  2 crimson imps (D:9)
  A quasit (D:8)
  A centaur zombie (D:5)
  8 hounds
  A jelly (D:9)
  11 orc wizards
  7 orc priests
  A centaur skeleton (D:4)
  Jessica (D:2)
  6 iguanas
  7 worker ants
  A worker ant zombie (D:6)
  8 gnolls
  8 adders
  10 river rats (Lair:2)
  3 shadow imps
  An adder zombie (D:6)
  6 worms
  2 dart slugs (D:2)
  4 giant geckos
  27 orcs
  6 giant cockroaches
  9 hobgoblins
  6 jackals
  3 quokkas
  7 bats
  3 giant newts
  11 goblins
  10 kobolds
  A quokka skeleton (D:5)
  A quokka zombie (D:7)
  14 rats
311 creatures vanquished.

Vanquished Creatures (others)
  A sky beast (D:9)
  A bush (Lair:2)
  A starspawn tentacle (Abyss:2)
  272 starspawn tentacle segments (Abyss:2)
275 creatures vanquished.

Grand Total: 586 creatures vanquished

Notes
Turn   | Place    | Note
-------+----------+-------------------------------------------
     0 | D:1      | mistymad the Formicid Fighter began the quest for the Orb.
     0 | D:1      | Reached XP level 1. HP: 18/18 MP: 1/1
    68 | D:1      | Reached XP level 2. HP: 23/24 MP: 2/2
   245 | D:1      | Reached skill level 1 in Dodging
   337 | D:1      | Reached XP level 3. HP: 23/29 MP: 3/3
   707 | D:2      | Found a sacrificial altar of Ru.
   715 | D:2      | Found an oddly glowing altar of Pakellas.
   716 | D:2      | Found a hazy altar of Hepliaklqana.
   725 | D:2      | Became a worshipper of Ru the Awakened
  1123 | D:2      | Reached XP level 4. HP: 34/37 MP: 4/4
  1166 | D:2      | Noticed Jessica
  1174 | D:2      | Killed Jessica
  1502 | D:3      | Reached XP level 5. HP: 42/42 MP: 5/5
  2089 | D:3      | Noticed a sky beast
  2111 | D:3      | Killed a sky beast
  2111 | D:3      | Reached XP level 6. HP: 35/49 MP: 6/6
  2141 | D:3      | Gained mutation: You are resistant to hostile enchantments. (MR+) [mutagenic meat]
  2144 | D:3      | Gained mutation: Your body sometimes deteriorates upon taking damage. [mutagenic meat]
  2148 | D:3      | Gained mutation: You are partially covered in iridescent scales. (AC +2) [mutagenic meat]
  2151 | D:3      | Lost mutation: You are resistant to hostile enchantments. (MR+) [mutagenic meat]
  2394 | D:4      | Found an iron altar of Okawaru.
  2565 | D:4      | Found a staircase to the Ecumenical Temple.
  2576 | Temple   | Entered the Ecumenical Temple
  2924 | D:4      | Reached skill level 5 in Shields
  2924 | D:4      | Reached XP level 7. HP: 46/55 MP: 7/7
  3297 | D:4      | Found a stormy altar of Qazlal.
  3550 | D:5      | Entered Level 5 of the Dungeon
  3818 | D:5      | Reached skill level 5 in Armour
  3838 | D:5      | Reached skill level 5 in Fighting
  3937 | D:5      | Reached XP level 8. HP: 60/62 MP: 8/8
  4634 | D:6      | Reached skill level 5 in Staves
  4728 | D:6      | Reached XP level 9. HP: 69/69 MP: 9/9
  4833 | D:6      | Found Zin's Purification Station.
  4834 | D:6      | Found a glowing silver altar of Zin.
  5051 | D:6      | Noticed Blork the orc
  5060 | D:6      | Killed Blork the orc
  5145 | D:6      | Noticed Edmund
  5195 | D:6      | Killed Edmund
  5327 | D:6      | Gained mutation: Your magical capacity is low. (-10% MP) [potion of mutation]
  5327 | D:6      | Gained mutation: Your spells are a little harder to cast, but a little more powerful. [potion of mutation]
  5327 | D:6      | Gained mutation: Your natural rate of healing is unusually fast. [potion of mutation]
  5328 | D:6      | Lost mutation: Your magical capacity is low. (-10% MP) [potion of mutation]
  5328 | D:6      | Lost mutation: Your spells are a little harder to cast, but a little more powerful. [potion of mutation]
  5328 | D:6      | Gained mutation: You have a somewhat thin skeletal structure. (Dex +2, Stealth) [potion of mutation]
  5620 | D:7      | Found a shattered altar of Ashenzari.
  5627 | D:7      | Noticed Joseph
  5645 | D:7      | Killed Joseph
  6025 | D:7      | Reached skill level 5 in Dodging
  6025 | D:7      | Reached XP level 10. HP: 79/79 MP: 10/10
  6303 | D:7      | Found Quod's Armour Boutique.
  6525 | D:8      | Found a basalt altar of Yredelemnul.
  6740 | D:8      | Found a radiant altar of Vehumet.
  6819 | D:8      | Noticed Prince Ribbit
  6847 | D:8      | Killed Prince Ribbit
  7251 | D:8      | Noticed an ice statue
  7432 | D:9      | Noticed a gargoyle
  7469 | D:9      | Killed a gargoyle
  7577 | D:9      | Noticed a white ugly thing
  7632 | D:9      | Killed a white ugly thing
  7632 | D:9      | Reached XP level 11. HP: 73/87 MP: 10/11
  7708 | D:9      | Noticed an unseen horror
  7720 | D:9      | Killed an unseen horror
  7740 | D:9      | Noticed Psyche
  7756 | D:9      | Killed Psyche
  7875 | D:9      | Reached skill level 10 in Shields
  8227 | D:10     | Entered Level 10 of the Dungeon
  8427 | D:10     | Found a staircase to the Lair.
  9021 | Lair:1   | Entered Level 1 of the Lair of Beasts
  9228 | Lair:1   | Noticed a seven-headed hydra
  9254 | Lair:2   | Noticed Urug
  9323 | Lair:1   | Killed a seven-headed hydra
  9323 | Lair:1   | Reached XP level 12. HP: 37/97 MP: 4/12
  9464 | Lair:1   | Reached skill level 10 in Armour
  9549 | Lair:1   | Noticed a four-headed hydra
  9613 | Lair:1   | Killed a four-headed hydra
  9613 | Lair:1   | Reached skill level 10 in Fighting
 10292 | Lair:2   | Noticed Erica
 10332 | Lair:2   | Killed Erica
 10698 | Lair:2   | Found a staircase to the Shoals.
 10736 | Lair:2   | Reached skill level 10 in Staves
 10873 | Lair:2   | Killed Urug
 11115 | Lair:2   | Noticed a four-headed hydra
 11133 | Lair:2   | Killed a four-headed hydra
 11531 | Lair:3   | Noticed Harold
 11549 | Lair:3   | Reached XP level 13. HP: 106/106 MP: 13/13
 11578 | Lair:3   | Killed Harold
 11619 | Lair:3   | Gained mutation: You cannot be stealthy. [Ru sacrifice]
 11696 | Lair:3   | Noticed Sonja
 11713 | Lair:3   | Cast into level 2 of the Abyss (Sonja)
 11755 | Abyss:2  | Noticed a tentacled starspawn
 11780 | Abyss:2  | Mangled by a tentacled starspawn

Vault maps used:
D:1:      eino_arrival_tree_alley, st_stairs_13, minmay_misc_feat_cross,
          serial_bayou_ford_a, moated_statue, serial_park_tiny_1,
          minmay_pentomino_t4
D:2:      grunt_temple_overflow_open, uniq_jessica
D:4:      lemuel_round_altar, kennysheep_little_box
D:5:      black_bear_nest_2, first_bread
D:6:      zin_purify, uniq_blork_the_orc, uniq_edmund
D:7:      serial_shops, nicolae_shop_waterfront, nicolae_ashenzari_panopticon,
          uniq_joseph
D:8:      lemuel_ice_statue, vehumet_altar_wand_db, yredelemnul_altar_generic,
          hangedman_pestilent_swarm, uniq_prince_ribbit1
D:9:      minmay_misc_feat_doors, amethyst_killhole, uniq_psyche
D:10:     lair_0_dummy, roderic_st_hans_cross
D:11:     david_orc_3, uniq_nergalle
Temple:   dpeg_chambers_temple
Lair:2:   elwin_shoals_entry_stream, beast_lair_carwin_9, grunt_megastairs_3,
          uniq_urug, uniq_erica
Lair:3:   lemuel_fruit_tree, uniq_harold, uniq_sonja

Skill      XL: |  1  2  3  4  5  6  7  8  9 10 11 12 |
---------------+-------------------------------------+-----
Dodging        | 1 2 3 5 |  5.9
Shields        | 4 5 6 7 9 10 11 | 11.9
Armour         | 4 5 6 7 8 9 11 | 11.2
Fighting       | 4 5 7 8 9 11 | 11.2
Staves         | 3 4 5 6 8 9 10 | 10.5

Action                   |  1- 3 |  4- 6 |  7- 9 | 10-12 | 13-15 || total
-------------------------+-------+-------+-------+-------+-------++-------
Melee: Quarterstaff      |   123 |   212 |   357 |  1127 |    68 ||  1887
Invok: Reject Sacrifices |       |     1 |       |     1 |       ||     2
       Sacrifice Stealth |       |       |       |       |     1 ||     1
 Abil: Dig               |     1 |     3 |     8 |    10 |       ||    22
Evoke: Wand              |       |       |       |     4 |     1 ||     5
  Use: Scroll            |       |       |    23 |     4 |       ||    27
       Potion            |       |       |     2 |     1 |       ||     3
 Stab: Sleeping          |       |       |       |     5 |       ||     5
  Eat: Chunk             |     1 |    12 |    11 |    21 |     1 ||    46
Armor: Scale mail        |    41 |    91 |    97 |       |       ||   229
       Chain mail        |       |       |    24 |    26 |       ||    50
       Troll leather arm |       |       |       |   301 |     8 ||   309
       Skin              |       |       |       |     3 |       ||     3
Dodge: Dodged            |    44 |    52 |    99 |   484 |    17 ||   696
Block: Shield            |    66 |    93 |   168 |   554 |    36 ||   917
